 Dungeon Crawl Stone Soup version 0.29.0-4-gdea44cf6ec (webtiles) character file.

Game seed: 16697840043835978494

986 qw the Grappler (level 8, -2/66 HPs)
             Began as a Ghoul Fire Elementalist on Aug 29, 2022.
             Slain by an orc warrior
             ... wielding a +0 trident
              (8 damage)
             ... on level 6 of the Dungeon.
             The game lasted 00:05:44 (6486 turns).

qw the Grappler (Ghoul Fire Elementalist)           Turns: 6486, Time: 00:05:45

Health: -2/66      AC:  8    Str: 14    XL:     8   Next: 18%
Magic:  9/9        EV: 10    Int: 10    God:
Gold:   390        SH:  0    Dex:  9    Spells: 9/10 levels left

rFire   . . .      SeeInvis .     - Unarmed
rCold   + . .      Faith    .   (no shield)
rNeg    + + +      Spirit   .   f - +0 chain mail
rPois   inf        Reflect  .   (no helmet)
rElec   .          Harm     .   (no cloak)
rCorr   .          Rampage  .   (no gloves)
Will    .....                   (no boots)
Stlth   ..........              (no amulet)
HPRegen 0.00/turn               g - +4 ring of evasion
MPRegen 0.11/turn               (no ring)

@: inhibited regen
A: claws 1, cold resistance 1, negative energy resistance 3, inhibited
regeneration, torment resistance 2, devour on kill
a: no special abilities


You were on level 6 of the Dungeon.
You visited 1 branch of the dungeon, and saw 6 of its levels.

You collected 390 gold pieces.


Innate Abilities, Weirdness & Mutations

You are immune to poison.
You have sharp fingernails.
Your flesh is cold resistant. (rC+)
You are immune to negative energy. (rN+++)
You do not regenerate when monsters are visible.
You are immune to unholy pain and torment.
You thrive by killing the living.


   Skills:
 - Level 4.1 Fighting
 - Level 2.2 Armour
 - Level 1.7 Dodging
 - Level 2.1 Stealth
 + Level 8.4 Unarmed Combat
 - Level 1.7 Spellcasting
 - Level 0.7 Conjurations
 - Level 2.4 Fire Magic


You had 9 spell levels left.
You knew the following spells:

 Your Spells              Type           Power      Damage    Failure   Level
a - Foxfire               Conj/Fire      16%        2x1d4     99%         1

Your spell library contained the following spells:

 Spells                   Type           Power      Damage    Failure   Level
 Scorch                   Fire           10%        2d5       99%         2
 Conjure Flame            Conj/Fire      4%         6-21      100%        3
 Inner Flame              Hex/Fire       3%         N/A       100%        3
 Flame Wave               Conj/Fire      4%         2d5       100%        4

Inventory:

Armour
 f - a +0 chain mail (worn)
Jewellery
 g - a +4 ring of evasion (left claw)
Scrolls
 h - a scroll of identify
Potions
 a - a potion of heal wounds {unknown}
 b - a potion of resistance
 c - a potion of lignification {unknown}
 d - a potion of curing
 j - a potion of degeneration {unknown}
 k - a potion of attraction {unknown}

Dungeon Overview and Level Annotations

Branches:
Dungeon (6/15)
 Temple: D:4-7

Altars:
Ashenzari
Kikubaaqudgha
Ru
Yredelemnul

Shops:
D:1 =?*

Annotations:
D:5 3 runed translucent doors, qw's ghost, novice TeWr


Message History

You claw the orc warrior!
The orc warrior is moderately wounded.
The orc warrior barely misses you.
You claw the orc warrior!
The orc warrior is severely wounded.
The orc warrior hits you with a +0 trident.
You closely miss the orc warrior.
The orc warrior is heavily wounded.
The orc warrior hits you with a +0 trident.
You scratch the orc warrior but do no damage.
The orc warrior is heavily wounded.
The orc warrior hits you with a +0 trident.
You scratch the orc warrior but do no damage.
You claw the orc warrior, but do no damage.
The orc warrior is heavily wounded.
The orc warrior hits you with a +0 trident.
You barely miss the orc warrior.
The orc warrior is heavily wounded.
You closely miss the orc warrior.
The orc warrior is heavily wounded.
The orc warrior hits you with a +0 trident!
You scratch the orc warrior but do no damage.
The orc warrior is heavily wounded.
The orc warrior hits you with a +0 trident!
You barely miss the orc warrior.
The orc warrior is heavily wounded.
The orc warrior hits you but does no damage.
You scratch the orc warrior.
You claw the orc warrior, but do no damage.
The orc warrior is severely wounded.
The orc warrior hits you with a +0 trident.
You claw the orc warrior!
The orc warrior is almost dead.
The orc warrior hits you with a +0 trident!
You barely miss the orc warrior.
The orc warrior is almost dead.
You closely miss the orc warrior.
The orc warrior is almost dead.
The orc warrior hits you with a +0 trident!
You die...

#
....#########
#<...oo@)...#
#.#.#######.#
#.# #.#
####.# ..##.#
#.##.# #.##.#
#.##.#


You could see an orc warrior and an orc.

Vanquished Creatures
  A black bear (D:4)
  2 ogres
  A phantom (D:4)
  3 scorpions (D:5)
  A hound (D:5)
  4 orc priests
  Jessica (D:2)
  2 iguanas (D:4)
  An orc wizard (D:3)
  9 adders
  2 ufetubi
  5 worms
  6 dart slugs
  20 orcs
  3 endoplasms
  3 giant cockroaches
  2 goblins
  11 hobgoblins
  3 jackals (D:5)
  7 quokkas
  6 ball pythons
  9 bats
  6 frilled lizards
  7 kobolds
  6 rats
121 creatures vanquished.

Vanquished Creatures (others)
  20 fungi
  7 plants
27 creatures vanquished.

Grand Total: 148 creatures vanquished

Notes
Turn   | Place    | Note
-------+----------+-------------------------------------------
     0 | D:1      | qw the Ghoul Fire Elementalist began the quest for the Orb.
     0 | D:1      | Reached XP level 1. HP: 14/14 MP: 2/2
     0 | D:1      | 0 ||| qw: Version: 0.1-a-90-g952f4b7
     0 | D:1      | 0 ||| qw: Game counter: 3911
     0 | D:1      | 0 ||| qw: Always use a shield: true
     0 | D:1      | 0 ||| qw: God list: Okawaru
     0 | D:1      | 0 ||| qw: Allow faded altars: false
     0 | D:1      | 0 ||| qw: Do Orc after D:15 true
     0 | D:1      | 0 ||| qw: Do second Lair branch before Depths: true
     0 | D:1      | 0 ||| qw: Lair rune preference: random
     0 | D:1      | 0 ||| qw: Plans: Normal
     0 | D:1      | 0 ||| PLANNING D:1-11
   100 | D:1      | 100 ||| Stepping ~*~*~tactically~*~*~ (stealth).
   101 | D:1      | 101 ||| Stepping ~*~*~tactically~*~*~ (stealth).
   249 | D:1      | 249 ||| Stepping ~*~*~tactically~*~*~ (stealth).
   364 | D:1      | 364 ||| Stepping ~*~*~tactically~*~*~ (stealth).
   391 | D:1      | Reached skill level 1 in Unarmed Combat
   511 | D:1      | Reached skill level 1 in Fighting
   511 | D:1      | Reached XP level 2. HP: 18/23 MP: 3/3
   624 | D:1      | Found Ban Zatu's Magic Scroll Emporium.
   645 | D:1      | 645 ||| SHOPLISTING scroll of acquirement (728 gold, have
                  | 9).
   645 | D:1      | 645 ||| SHOPLISTING scroll of enchant armour (105 gold,
                  | have 9).
   645 | D:1      | 645 ||| SHOPLISTING scroll of enchant weapon (105 gold,
                  | have 9).
   792 | D:1      | Reached skill level 2 in Unarmed Combat
   850 | D:1      | 850 ||| Stepping ~*~*~tactically~*~*~ (hiding).
  1078 | D:1      | Reached XP level 3. HP: 22/28 MP: 4/4
  1214 | D:1      | Found Difoczadi's Jewellery Emporium.
  1230 | D:1      | 1230 ||| SHOPLISTING +4 ring of evasion (360 gold, have
                  | 15).
  1230 | D:1      | 1230 ||| SHOPLISTING +4 ring of protection (360 gold, have
                  | 15).
  1230 | D:1      | 1230 ||| SHOPLISTING +6 ring of strength (360 gold, have
                  | 15).
  1230 | D:1      | 1230 ||| SHOPLISTING amulet of reflection (300 gold, have
                  | 15).
  1230 | D:1      | 1230 ||| SHOPLISTING ring of ice (250 gold, have 15).
  1400 | D:1      | 1400 ||| Stepping ~*~*~tactically~*~*~ (stealth).
  1414 | D:1      | 1414 ||| Stepping ~*~*~tactically~*~*~ (stealth).
  1416 | D:1      | 1416 ||| Stepping ~*~*~tactically~*~*~ (stealth).
  1418 | D:1      | 1418 ||| Stepping ~*~*~tactically~*~*~ (stealth).
  1421 | D:1      | 1421 ||| Stepping ~*~*~tactically~*~*~ (stealth).
  1423 | D:1      | 1423 ||| Stepping ~*~*~tactically~*~*~ (stealth).
  1424 | D:1      | 1424 ||| Stepping ~*~*~tactically~*~*~ (stealth).
  1428 | D:1      | 1428 ||| Stepping ~*~*~tactically~*~*~ (stealth).
  1430 | D:1      | 1430 ||| Stepping ~*~*~tactically~*~*~ (stealth).
  1451 | D:1      | Found Kieme's General Store.
  1474 | D:1      | 1474 ||| SHOPLISTING 2 potions of resistance (280 gold,
                  | have 49).
  1688 | D:1      | Reached skill level 3 in Unarmed Combat
  1739 | D:1      | 1739 ||| UPGRADING to +0 ring mail.
  1749 | D:1      | 1749 ||| DROPPING +0 robe.
  1750 | D:1      | 1750 ||| UPGRADING to +0 chain mail.
  1760 | D:1      | 1760 ||| DROPPING +0 ring mail.
  1761 | D:1      | 1761 ||| UPGRADING to +4 ring of evasion.
  1762 | D:1      | 1762 ||| READING 2 scrolls labelled VOWIOCU YBRIA.
  1766 | D:1      | 1766 ||| DROPPING potion of magic.
  1822 | D:2      | Noticed Jessica
  1823 | D:2      | 1823 ||| Stepping ~*~*~tactically~*~*~ (hiding).
  1825 | D:2      | 1825 ||| Stepping ~*~*~tactically~*~*~ (hiding).
  1843 | D:2      | Killed Jessica
  1844 | D:2      | Reached XP level 4. HP: 35/35 MP: 5/5
  1901 | D:2      | Reached skill level 4 in Unarmed Combat
  2296 | D:2      | 2296 ||| Stepping ~*~*~tactically~*~*~ (stealth).
  2297 | D:2      | 2297 ||| Stepping ~*~*~tactically~*~*~ (stealth).
  2354 | D:2      | 2354 ||| Stepping ~*~*~tactically~*~*~ (stealth).
  2376 | D:2      | 2376 ||| Stepping ~*~*~tactically~*~*~ (stealth).
  2377 | D:2      | 2377 ||| Stepping ~*~*~tactically~*~*~ (stealth).
  2485 | D:2      | 2485 ||| READING scroll labelled QAURU WIDGHOIPN.
  2486 | D:2      | 2486 ||| READING scroll labelled WAKKIMEOSH.
  2487 | D:2      | 2487 ||| DRINKING 2 puce potions.
  2488 | D:2      | 2488 ||| DROPPING potion of brilliance.
  2693 | D:3      | 2693 ||| Stepping ~*~*~tactically~*~*~ (stealth).
  2695 | D:3      | 2695 ||| Stepping ~*~*~tactically~*~*~ (hiding).
  2708 | D:3      | HP: 8/36 [orc/+0 flail (3)]
  2709 | D:3      | 2709 ||| READING scroll of teleportation.
  2711 | D:3      | HP: 1/36 [orc/+0 flail (6)]
  2897 | D:3      | 2897 ||| FLEEEEING.
  2898 | D:3      | 2898 ||| FLEEEEING.
  2899 | D:3      | 2899 ||| FLEEEEING.
  2900 | D:3      | 2900 ||| FLEEEEING.
  2901 | D:3      | 2901 ||| FLEEEEING.
  2902 | D:3      | 2902 ||| FLEEEEING.
  2903 | D:3      | 2903 ||| FLEEEEING.
  2904 | D:3      | 2904 ||| FLEEEEING.
  2905 | D:3      | 2905 ||| FLEEEEING.
  2906 | D:3      | 2906 ||| FLEEEEING.
  2907 | D:3      | 2907 ||| FLEEEEING.
  2908 | D:3      | 2908 ||| FLEEEEING.
  2909 | D:3      | 2909 ||| FLEEEEING.
  2910 | D:3      | 2910 ||| FLEEEEING.
  2911 | D:3      | 2911 ||| FLEEEEING.
  2912 | D:3      | 2912 ||| FLEEEEING.
  2913 | D:3      | 2913 ||| FLEEEEING.
  2914 | D:3      | 2914 ||| FLEEEEING.
  2915 | D:3      | 2915 ||| FLEEEEING.
  2916 | D:3      | 2916 ||| FLEEEEING.
  2917 | D:3      | 2917 ||| FLEEEEING.
  2918 | D:3      | 2918 ||| FLEEEEING.
  2919 | D:3      | 2919 ||| FLEEEEING.
  2920 | D:3      | 2920 ||| FLEEEEING.
  2921 | D:3      | 2921 ||| FLEEEEING.
  2922 | D:3      | 2922 ||| FLEEEEING.
  2923 | D:3      | 2923 ||| STAIRDANCE
  3099 | D:3      | Reached skill level 1 in Armour
  3099 | D:3      | Reached XP level 5. HP: 21/41 MP: 6/6
  3115 | D:3      | 3115 ||| FLEEEEING.
  3274 | D:3      | Found a faded altar of an unknown god.
  3280 | D:3      | 3280 ||| Stepping ~*~*~tactically~*~*~ (stealth).
  3283 | D:3      | 3283 ||| Stepping ~*~*~tactically~*~*~ (stealth).
  3362 | D:3      | 3362 ||| Stepping ~*~*~tactically~*~*~ (stealth).
  3618 | D:3      | Found a sacrificial altar of Ru.
  3686 | D:3      | 3686 ||| Stepping ~*~*~tactically~*~*~ (stealth).
  3689 | D:3      | 3689 ||| Stepping ~*~*~tactically~*~*~ (stealth).
  3693 | D:3      | Reached skill level 5 in Unarmed Combat
  3693 | D:3      | 3693 ||| Stepping ~*~*~tactically~*~*~ (hiding).
  3713 | D:3      | Reached XP level 6. HP: 19/48 MP: 7/7
  3893 | D:3      | 3893 ||| Stepping ~*~*~tactically~*~*~ (hiding).
  3900 | D:3      | 3900 ||| Stepping ~*~*~tactically~*~*~ (stealth).
  3905 | D:3      | 3905 ||| Stepping ~*~*~tactically~*~*~ (stealth).
  3917 | D:3      | Found a broken altar of Ashenzari.
  3999 | D:3      | 3999 ||| READING scroll labelled SADIAMO ZOURA.
  4061 | D:4      | Reached skill level 6 in Unarmed Combat
  4347 | D:4      | 4347 ||| FLEEEEING.
  4399 | D:4      | 4399 ||| Stepping ~*~*~tactically~*~*~ (stealth).
  4406 | D:4      | 4406 ||| Stepping ~*~*~tactically~*~*~ (stealth).
  4423 | D:4      | 4423 ||| Stepping ~*~*~tactically~*~*~ (outnumbered).
  4425 | D:4      | 4425 ||| Stepping ~*~*~tactically~*~*~ (outnumbered).
  4432 | D:4      | 4432 ||| FLEEEEING.
  4433 | D:4      | 4433 ||| FLEEEEING.
  4534 | D:4      | Found a basalt altar of Yredelemnul.
  4555 | D:4      | 4555 ||| Stepping ~*~*~tactically~*~*~ (stealth).
  4559 | D:4      | Reached skill level 3 in Fighting
  4573 | D:4      | Found an ancient bone altar of Kikubaaqudgha.
  4575 | D:4      | 4575 ||| Stepping ~*~*~tactically~*~*~ (stealth).
  4638 | D:4      | 4638 ||| Stepping ~*~*~tactically~*~*~ (stealth).
  4654 | D:4      | Reached XP level 7. HP: 51/57 MP: 8/8
  4767 | D:4      | 4767 ||| READING scroll labelled UHOIDUF ZAMIFI.
  4768 | D:4      | 4768 ||| READING scroll labelled RIATADD EXAQ.
  4769 | D:4      | 4769 ||| READING scroll labelled JAOZOROTES.
  4777 | D:4      | Reached skill level 7 in Unarmed Combat
  4804 | D:4      | 4804 ||| DRINKING 2 inky potions.
  4805 | D:4      | 4805 ||| Stepping randomly (stuck).
  4806 | D:4      | 4806 ||| Stepping randomly (stuck).
  4808 | D:4      | 4808 ||| Stepping randomly (stuck).
  4809 | D:4      | 4809 ||| Stepping randomly (stuck).
  4810 | D:4      | 4810 ||| Stepping randomly (stuck).
  4811 | D:4      | 4811 ||| Stepping randomly (stuck).
  4812 | D:4      | 4812 ||| Stepping randomly (stuck).
  4813 | D:4      | 4813 ||| Stepping randomly (stuck).
  4814 | D:4      | 4814 ||| Stepping randomly (stuck).
  4815 | D:4      | 4815 ||| Stepping randomly (stuck).
  4816 | D:4      | 4816 ||| Stepping randomly (stuck).
  4817 | D:4      | 4817 ||| Stepping randomly (stuck).
  4818 | D:4      | 4818 ||| Stepping randomly (stuck).
  4819 | D:4      | 4819 ||| Stepping randomly (stuck).
  4875 | D:4      | 4875 ||| Stepping ~*~*~tactically~*~*~ (stealth).
  5225 | D:5      | Entered Level 5 of the Dungeon
  5253 | D:5      | 5253 ||| Stepping ~*~*~tactically~*~*~ (stealth).
  5256 | D:5      | 5256 ||| Stepping ~*~*~tactically~*~*~ (stealth).
  5262 | D:5      | 5262 ||| Stepping ~*~*~tactically~*~*~ (outnumbered).
  5263 | D:5      | 5263 ||| Stepping ~*~*~tactically~*~*~ (outnumbered).
  5493 | D:5      | 5493 ||| Stepping ~*~*~tactically~*~*~ (stealth).
  5495 | D:5      | 5495 ||| Stepping ~*~*~tactically~*~*~ (stealth).
  5501 | D:5      | 5501 ||| Stepping ~*~*~tactically~*~*~ (outnumbered).
  5502 | D:5      | 5502 ||| Stepping ~*~*~tactically~*~*~ (outnumbered).
  5503 | D:5      | 5503 ||| Stepping ~*~*~tactically~*~*~ (outnumbered).
  5504 | D:5      | 5504 ||| Stepping ~*~*~tactically~*~*~ (outnumbered).
  5508 | D:5      | 5508 ||| Stepping ~*~*~tactically~*~*~ (stealth).
  5512 | D:5      | 5512 ||| Stepping ~*~*~tactically~*~*~ (hiding).
  5525 | D:5      | Reached skill level 8 in Unarmed Combat
  5986 | D:5      | Reached XP level 8. HP: 66/66 MP: 9/9
  6009 | D:5      | 6009 ||| Stepping ~*~*~tactically~*~*~ (stealth).
  6010 | D:5      | 6010 ||| Stepping ~*~*~tactically~*~*~ (stealth).
  6016 | D:5      | 6016 ||| Stepping ~*~*~tactically~*~*~ (outnumbered).
  6017 | D:5      | 6017 ||| Stepping ~*~*~tactically~*~*~ (outnumbered).
  6018 | D:5      | 6018 ||| Stepping ~*~*~tactically~*~*~ (outnumbered).
  6019 | D:5      | 6019 ||| Stepping ~*~*~tactically~*~*~ (outnumbered).
  6020 | D:5      | 6020 ||| Stepping ~*~*~tactically~*~*~ (outnumbered).
  6021 | D:5      | 6021 ||| Stepping ~*~*~tactically~*~*~ (outnumbered).
  6022 | D:5      | 6022 ||| Stepping ~*~*~tactically~*~*~ (outnumbered).
  6334 | D:5      | Found a runed translucent gate.
  6334 | D:5      | Found a runed translucent gate.
  6334 | D:5      | Found a runed translucent gate.
  6337 | D:5      | Noticed qw's ghost (novice TeWr)
  6338 | D:5      | Identified the +7 short sword of Honesty {holy, rF+}
  6338 | D:5      | Identified the +2 leather armour of the Jackalope {Int+2
                  | Dex+3}
  6400 | D:5      | 6400 ||| READING 2 scrolls labelled JADINW DORATT.
  6401 | D:5      | 6401 ||| DRINKING 2 bubbling brown potions.
  6402 | D:5      | 6402 ||| DROPPING scroll of blinking.
  6484 | D:6      | HP: 6/66 [orc warrior/+0 trident (11)]
  6486 | D:6      | Slain by an orc warrior

Levels and vault maps discovered:
D:1:      dpeg_chamrin_arrival_tetris, layout_loops_ring, serial_shops, shop,
          nicolae_shop_trees, shop, serial_bayou_pond_a
D:2:      layout_basic, reono_crystal_passage, uniq_jessica
D:3:      layout_loops_ring, mainiacjoe_overflow_brackets, marbit_many_paths,
          shapermc_ecumenical_altar_mp_ritualfount
D:4:      layout_loops_ring, amcnicky_altar_gilded,
          mainiacjoe_overflow_alcove_4, mainiacjoe_overflow_24_doors,
          mainiacjoe_overflow_cross_hatched
D:5:      layout_basic, serial_curves, eino_curves_02, eino_curves_04,
          biasface_ghost_orc_armoury
D:6:      layout_loops_ring, elyvilon_altar_5, minmay_temple_entry_poolview,
          grunt_decor_arrowhead

Skill      XL: |  1  2  3  4  5  6  7  8 |
---------------+-------------------------+-----
Unarmed Combat | 1 2 3 4 5 6 8 |  8.4
Fighting       | 1 2 3 4 |  4.1
Armour         | 1 2 |  2.2
Dodging        | |  1.7
Stealth        | |  2.1
Spellcasting   | |  1.7
Conjurations   | |  0.7
Fire Magic     | |  2.4

Action                   |  1- 3 |  4- 6 |  7- 9 || total
-------------------------+-------+-------+-------++-------
Melee: Unarmed           |   134 |   237 |   137 ||   508
       Punch             |     1 |     5 |    12 ||    18
  Use: Scroll            |     1 |     4 |     4 ||     9
       Potion            |       |     1 |     2 ||     3
 Stab: Distracted        |     1 |       |       ||     1
Armor: Robe              |    22 |       |       ||    22
       Chain mail        |    10 |   105 |    61 ||   176
Dodge: Dodged            |    64 |    93 |    79 ||   236

Table legend:
 A = Non-vault XP
 B = Vault XP
 C = Vault XP percentage of total XP
 D = Non-vault monster count
 E = Vault monster count
 F = Vault count percentage of total count
                 A         B        C        D         E       F
            +---------+---------+-------+---------+---------+-------
      Total |    1370 |      39 |   2.8 |     119 |       2 |   1.7
            +---------+---------+-------+---------+---------+-------
        D:1 |      56 |       0 |   0.0 |      33 |       0 |   0.0
        D:2 |      47 |      37 |  44.0 |      13 |       1 |   7.1
        D:3 |     224 |       2 |   0.9 |      22 |       1 |   4.3
        D:4 |     533 |       0 |   0.0 |      28 |       0 |   0.0
        D:5 |     507 |       0 |   0.0 |      22 |       0 |   0.0
        D:6 |       3 |       0 |   0.0 |       1 |       0 |   0.0
            +---------+---------+-------+---------+---------+-------
